 Dungeon Crawl Stone Soup version 0.17-a0-1760-ga6756ae (webtiles) character file.

85439 greatheavenlyone the Black Belt (level 15, -4/112 HPs)
             Began as a Demonspawn Berserker on Sept 2, 2015.
             Was the Champion of Trog.
             Slain by a wolf spider simulacrum (17 damage)
             ... led by a necromancer
             ... on level 15 of the Dungeon on Sept 3, 2015.
             The game lasted 01:48:00 (27946 turns).

greatheavenlyone the Black Belt (DsBe)             Turns: 27946, Time: 01:48:00

Health: -4/112     AC: 19    Str: 20    XL:     15   Next: 38%
Magic:  0/15       EV: 20    Int: 14    God:    Trog [******]
Gold:   2762       SH:  0    Dex: 21    Spells: 0 memorised, 14 levels left

rFire  + + .     SeeInvis +     s - +14 glaive "Arbiter" {venom, rF++ Int+2}
rCold  . . .     Clarity  .     Y - +4 ring mail of Hedging {rPois Int+3}
rNeg   . . .     SustAt   .     (no shield)
rPois  +         Gourm    .     w - +2 hat
rElec  .         Spirit   +     i - +1 cloak
rCorr  +         Warding  .     c - +0 pair of gloves
rMut   .         Stasis   .     P - +0 pair of boots
MR     +....                    n - amulet of resist corrosion
Stlth  +.........               p - ring of flight
                                B - +3 ring of dexterity

@: somewhat resistant to hostile enchantments, very unstealthy
A: antennae 2, slimy green scales 2, see invisible, demonic guardian 3, strong
1, magic shield
a: Burn Spellbooks, Berserk, Trog's Hand, Brothers in Arms, Renounce Religion,
Evoke Flight


You were on level 15 of the Dungeon.
You worshipped Trog.
Trog was exalted by your worship.
You were not hungry.

You visited 3 branches of the dungeon, and saw 27 of its levels.
You also visited: Ossuary.

You collected 2944 gold pieces.
You spent 150 gold pieces at shops.

Inventory:

Hand weapons
 s - the +14 glaive "Arbiter" (weapon) {venom, rF++ Int+2}
   (Trog gifted it to you on level 7 of the Lair of Beasts)

   It poisons the flesh of those it strikes.
   It affects your intelligence (+2).
   It greatly protects you from fire.
Missiles
 l - 2 throwing nets (quivered)
Armour
 c - a +0 pair of gloves (worn)
 i - a +1 cloak (worn)
 w - a +2 hat (worn)
 P - a +0 pair of boots (worn)
 Y - the +4 ring mail of Hedging (worn) {rPois Int+3}
   (You found it on level 3 of the Lair of Beasts)

   It affects your intelligence (+3).
   It protects you from poison.
Jewellery
 n - an amulet of resist corrosion (around neck)
 p - a ring of flight (right hand)
 B - a +3 ring of dexterity (left hand)
 M - an uncursed ring of ice
 X - an uncursed ring of positive energy
Magical devices
 e - a wand of draining (7)
 o - a wand of cold (6)
 H - a wand of paralysis (10)
 L - a wand of disintegration (13)
 W - a wand of fireball (3)
Scrolls
 k - 2 scrolls of recharging
 u - 4 scrolls of fear
 z - 7 scrolls of identify
 A - 10 scrolls of teleportation
 K - 12 scrolls of remove curse
 O - a scroll of enchant armour
 Q - a scroll of fog
 S - a scroll of immolation
 U - 7 scrolls of magic mapping
Potions
 a - 2 potions of lignification
 d - 5 potions of flight
 h - 4 potions of cure mutation
 j - 6 potions of might
 m - 9 potions of curing
 q - a potion of brilliance
 v - a potion of ambrosia {unknown}
 x - 3 potions of agility
 C - 2 potions of cancellation
 D - 3 potions of invisibility
 F - 4 potions of haste
Books
 g - a Grand Grimoire

   Spells                             Type                      Level
   a - Monstrous Menagerie            Summoning                    6
   b - Summon Greater Demon           Summoning                    7
   c - Malign Gateway                 Summoning/Translocation      7
   d - Summon Horrible Things         Summoning                    8
   Trog disapproves of the use of such an item.
 R - Roxanne's Handbook of Transmutation and Earth
   (You took it off Roxanne on level 14 of the Dungeon)

   Spells                             Type                      Level
   a - Beastly Appendage              Transmutation                1
   b - Petrify                        Transmutation/Earth          4
   c - Statue Form                    Transmutation/Earth          6
   d - Dragon Form                    Transmutation                7
   Trog disapproves of the use of such an item.
 V - a book of Flames

   Spells                             Type                      Level
   a - Flame Tongue                   Conjuration/Fire             1
   b - Throw Flame                    Conjuration/Fire             2
   c - Conjure Flame                  Conjuration/Fire             3
   d - Inner Flame                    Hexes/Fire                   3
   e - Sticky Flame                   Conjuration/Fire             4
   f - Fireball                       Conjuration/Fire             5
   Trog disapproves of the use of such an item.
Comestibles
 b - 16 bread rations
 f - 2 slices of pizza
 r - a beef jerky
 N - 14 royal jellies
 T - 7 fruits


   Skills:
 - Level 8.9 Fighting
 * Level 14.5 Polearms
 - Level 5.0 Armour
 - Level 11.0 Dodging
 - Level 15.1 Unarmed Combat


You had 14 spell levels left.
You didn't know any spells.

Dungeon Overview and Level Annotations

Branches:
Dungeon (15/15)            Temple (0/1) D:6            Lair (8/8) D:10
 Shoals (0/4) Lair:6        Snake (0/4) Lair:6        Slime (0/6) Lair:7
    Orc (4/4) D:12            Elf (0/3) Orc:3        Vaults (0/5) D:14
 Depths (0/5) D:15

Altars:
Dithmenos
Fedhas
Gozag
Kikubaaqudgha
Nemelex Xobeh
Ru
Trog
Vehumet
Yredelemnul
The Shining One
Beogh

Shops:
D:5 }%[(   D:8 %   D:11 *   D:12 *   D:15 [   Orc:1 }}   Orc:2 [   Orc:4 (*[*:

Portals:
Trove: D:13 (give 18 scrolls of identify)


Innate Abilities, Weirdness & Mutations

You have a pair of antennae on your head.
You are mostly covered in slimy green scales (AC +3).
A powerful demonic guardian rushes to your aid.
When hurt, damage is shared between your health and your magic reserves.
You have supernaturally acute eyesight.
Your muscles are strong. (Str +2)


Message History

Read which item? (? for menu, Esc to quit)
Okay, then.
Drink which item? (? for menu, Esc to quit)
You feel much better. The wolf spider simulacrum misses you.
The wolf spider simulacrum bites you but does no damage.
The centaur simulacrum hits you! The centaur simulacrum freezes you!!
* * * LOW HITPOINT WARNING * * *
Read which item? (? for menu, Esc to quit)
Okay, then.
Drink which item? (? for menu, Esc to quit)
You feel much better. The wolf spider simulacrum hits you!
* * * LOW HITPOINT WARNING * * *
The wolf spider simulacrum freezes you!
* * * LOW HITPOINT WARNING * * *
The wolf spider simulacrum bites you but does no damage.
The centaur simulacrum hits you but does no damage.
The wolf spider simulacrum hits you.
* * * LOW HITPOINT WARNING * * *
The wolf spider simulacrum freezes you!
You die...

#.......#
#..............
#.......#
#..............
#.......#
#..............
#.......#
#...#####......
#.......# ##...# #......
#.####..## #.)..#
#...... #. #...###)####
#)..... #..##.2...##
#...... #.##.@.....#
#...... #.#.Z#####..#
#...... #(#ZZ# ..#..#
#...... #(#Zp# >.#
.####.##### #)#..# ..#
#....# #
#.#..##'##..#....# # #
#(##...Z...##....# #.
#((##.....##..††.# #
#..####(..#######......#
#


You could see a necromancer, a wolf spider simulacrum, a centaur simulacrum, 2
centaur skeletons and a friendly reaper.

Vanquished Creatures
  Kirke (Lair:6)
  Roxanne (D:14)
  Donald (Orc:3)
  An orc warlord (Orc:4)
  Nessos (D:12)
  A fire dragon (Lair:8)
  Josephine (D:11)
  2 centaur warriors
  4 hydras
  Erica (Orc:1)
  An ogre mage (D:14)
  A death yak (Lair:7)
  3 tengu warriors
  4 orc high priests (Orc:4)
  A deep elf knight (D:14)
  A skeletal warrior (D:14)
  A wizard (D:14)
  An unseen horror (D:12)
  5 orc knights (Orc:4)
  A lindwurm (Lair:6)
  3 hill giants
  A deep elf conjurer (D:15)
  A manticore (D:14)
  A griffon (Lair:7)
  2 ugly things (D:15)
  6 orc sorcerers
  4 cyclopes
  An elephant (Lair:7)
  A siren (Lair:6)
  3 centaur zombies
  A naga mage (D:15)
  Joseph (D:10)
  4 black mambas
  13 spiny frogs
  A molten gargoyle (Lair:8)
  4 kobold demonologists
  3 yaktaurs (D:14)
  6 komodo dragons
  4 trolls
  3 fire drakes
  A troll (shapeshifter) (D:15)
  3 two-headed ogres
  3 polar bears
  Prince Ribbit (D:5)
  A harpy skeleton (D:14)
  4 blink frogs
  A hornet zombie (D:15)
  A trapdoor spider zombie (D:12)
  3 deep elf magi
  A trapdoor spider (D:13)
  A slime creature (Lair:7)
  Sigmund (D:3)
  A vampire (D:15)
  A shadow (D:12)
  A human (Lair:6)
  4 wyverns
  3 fire bats (Lair:8)
  3 wraiths (D:11)
  4 basilisks
  25 yaks
  6 wolves
  2 steam dragons (Lair:8)
  A mottled dragon (Lair:8)
  10 hippogriffs
  Menkaure (D:5)
  5 vampire mosquitoes
  2 hungry ghosts
  Edmund (D:4)
  12 water moccasins
  2 wargs
  Duvessa (D:4)
  4 black bears
  5 ice beasts
  6 sky beasts
  11 porcupines
  2 swamp drakes (Lair:8)
  33 orc warriors
  An eye of draining (D:12)
  4 necrophages (D:13)
  4 phantoms
  18 ogres
  A wasp (D:11)
  A big kobold (D:14)
  7 centaurs
  8 crocodiles
  Blork the orc (D:4)
  A brain worm (Lair:7)
  15 giant frogs
  A wyvern skeleton (D:9)
  5 water moccasin zombies (Ossuary)
  A wyvern zombie (D:13)
  A scorpion (D:11)
  7 wights (D:13)
  5 electric eels
  10 crimson imps
  A lava snake (Lair:8)
  3 giant frog zombies
  7 jellies
  A giant frog skeleton (D:7)
  19 orc priests
  A quasit (D:13)
  7 hounds
  23 orc wizards
  Jessica (D:2)
  9 centaur skeletons
  14 iguanas
  10 worker ants
  19 sheep
  3 big kobold zombies (Ossuary)
  3 hound zombies
  2 hound skeletons
  2 mummies (Ossuary)
  Robin (D:4)
  15 gnolls
  30 river rats
  7 adders
  2 shadow imps
  2 white imps (Lair:5)
  6 oozes
  A worm (D:4)
  6 adder zombies (Ossuary)
  2 adder skeletons
  5 giant geckos
  147 orcs
  2 ball pythons
  4 giant cockroaches
  11 goblins
  9 hobgoblins
  8 jackals
  4 quokkas
  9 bats
  A giant gecko skeleton (D:4)
  2 giant newts
  A gnoll zombie (Ossuary)
  A goblin zombie (D:6)
  8 hobgoblin zombies (Ossuary)
  15 kobolds
  3 kobold zombies (Ossuary)
  4 orc zombies (Ossuary)
  A quokka skeleton (D:5)
  A quokka zombie (D:5)
  3 rats (D:2)
  A rat zombie (D:6)
  A bush (D:13)
  2 crawling corpses (D:14)
  7 fungi
  2 plants (Lair:8)
803 creatures vanquished.

Vanquished Creatures (collateral kills)
  Maud (Lair:5)
  3 hydras
  2 catoblepae
  An ice dragon (Lair:5)
  4 death yaks (Lair:7)
  Sonja (Lair:1)
  3 orc sorcerers
  A deep elf conjurer (D:15)
  4 ugly things (D:15)
  2 griffons
  6 elephants
  A centaur zombie (D:13)
  A spiny frog (Lair:1)
  A black mamba (Lair:2)
  2 kobold demonologists (D:12)
  A black mamba (shapeshifter) (D:9)
  2 komodo dragons
  A troll (D:10)
  A fire drake (Lair:8)
  A deep elf priest (D:14)
  3 polar bears
  3 blink frogs
  20 yaks
  2 hogs (Lair:6)
  3 wraiths (D:11)
  2 hippogriffs
  A basilisk (Lair:7)
  Grum (D:8)
  A deep elf mage (D:14)
  9 wolves
  2 nagas (Lair:6)
  A water moccasin (Lair:2)
  2 orc warriors (Orc:4)
  3 black bears (Lair:3)
  2 ogres
  A big kobold (D:12)
  4 centaurs
  A crocodile (Lair:8)
  4 giant frogs
  A water moccasin zombie (Ossuary)
  Dowan (D:4)
  5 killer bees (D:7)
  A hound (D:10)
  A giant frog zombie (D:13)
  2 orc wizards
  A sheep (Lair:7)
  6 river rats
  A white imp (Lair:5)
  A shadow imp (D:9)
  An ooze (Lair:7)
  2 orcs (D:4)
  A kobold (D:12)
128 creatures vanquished.

Vanquished Creatures (others)
  An orc wizard (D:12)
  An orc (Orc:4)
  18 fungi
  8 plants
28 creatures vanquished.

Grand Total: 959 creatures vanquished

Notes
Turn   | Place    | Note
--------------------------------------------------------------
     0 | D:1      | greatheavenlyone the Demonspawn Berserker began the quest for the Orb.
     0 | D:1      | Reached XP level 1. HP: 18/18 MP: 1/1
   452 | D:1      | Gained mutation: A weak demonic guardian rushes to your aid. [demonic ancestry]
   452 | D:1      | Reached XP level 2. HP: 24/24 MP: 2/2
  1084 | D:2      | Acquired Trog's second power
  1147 | D:2      | Found a radiant altar of Vehumet.
  1240 | D:2      | Reached XP level 3. HP: 25/29 MP: 3/3
  1267 | D:2      | Noticed Jessica
  1292 | D:2      | Killed Jessica
  1292 | D:2      | Reached skill level 4 in Unarmed Combat
  1683 | D:2      | Gained mutation: When hurt, damage is shared between your health and your magic reserves. [demonic ancestry]
  1683 | D:2      | Reached XP level 4. HP: 35/35 MP: 4/4
  2301 | D:3      | Reached skill level 5 in Unarmed Combat
  2583 | D:3      | Found a bloodstained altar of Trog.
  2622 | D:3      | Noticed Sigmund
  2630 | D:3      | Killed Sigmund
  2630 | D:3      | Reached skill level 6 in Unarmed Combat
  2630 | D:3      | Gained mutation: You are partially covered in slimy green scales (AC +2). [demonic ancestry]
  2630 | D:3      | Reached XP level 5. HP: 41/41 MP: 2/5
  2698 | D:3      | Gained mutation: You are mostly covered in slimy green scales (AC +3). [demonic ancestry]
  2698 | D:3      | Reached XP level 6. HP: 33/47 MP: 3/6
  3012 | D:4      | Noticed Duvessa
  3013 | D:4      | Noticed Dowan
  3034 | D:4      | Reached skill level 7 in Unarmed Combat
  3038 | D:4      | Noticed Robin
  3158 | D:4      | Killed Duvessa
  3158 | D:4      | Reached XP level 7. HP: 52/52 MP: 5/7
  3166 | D:4      | Found a glowing golden altar of the Shining One.
  3168 | D:4      | Killed Dowan
  3176 | D:4      | Killed Robin
  3292 | D:4      | Noticed Blork the orc
  3301 | D:4      | Killed Blork the orc
  3327 | D:4      | Reached skill level 8 in Unarmed Combat
  3585 | D:4      | Noticed Edmund
  3637 | D:4      | Killed Edmund
  4082 | D:5      | Entered Level 5 of the Dungeon
  4104 | D:5      | Found Cunooh's Antique Armour Shoppe.
  4110 | D:5      | Found Nine's Antique Weapon Shop.
  4118 | D:5      | Noticed Menkaure
  4127 | D:5      | Killed Menkaure
  4127 | D:5      | Reached skill level 9 in Unarmed Combat
  4127 | D:5      | Reached XP level 8. HP: 58/58 MP: 8/8
  4331 | D:5      | Found a sacrificial altar of Ru.
  4374 | D:5      | Found Cenn's Food Shop.
  4381 | D:5      | Acquired Trog's third power
  4404 | D:5      | Bought a slice of pizza for 15 gold pieces
  4514 | D:5      | Found Iproyx's Gadget Shoppe.
  4639 | D:5      | Reached skill level 10 in Unarmed Combat
  4853 | D:5      | Noticed Prince Ribbit
  4859 | D:5      | Found Jelas's Weapon Shop.
  4889 | D:5      | Killed Prince Ribbit
  4977 | D:6      | Found a sand-covered staircase.
  4988 | Ossuary  | Entered an ossuary
  5134 | Ossuary  | Reached skill level 11 in Unarmed Combat
  5134 | Ossuary  | Gained mutation: A demonic guardian rushes to your aid. [demonic ancestry]
  5134 | Ossuary  | Reached XP level 9. HP: 49/63 MP: 6/9
  5275 | D:6      | Found a staircase to the Ecumenical Temple.
  5357 | D:6      | Received a gift from Trog
  5708 | D:6      | Reached skill level 12 in Unarmed Combat
  6289 | D:7      | Found an opulent altar of Gozag.
  6310 | D:7      | Reached skill level 5 in Armour
  6725 | D:8      | Noticed Grum
  6727 | D:8      | Reached XP level 10. HP: 70/72 MP: 10/10
  6733 | D:8      | Killed Grum
  6751 | D:8      | Found a shadowy altar of Dithmenos.
  6886 | D:8      | Reached skill level 5 in Fighting
  6923 | D:8      | Found Yffeirhiutt's Food Shop.
  6934 | D:8      | Bought a slice of pizza for 16 gold pieces
  6934 | D:8      | Bought a slice of pizza for 16 gold pieces
  6987 | D:8      | Bought a royal jelly for 22 gold pieces
  6990 | D:8      | Found a sparkling altar of Nemelex Xobeh.
  7553 | D:9      | Noticed a black mamba
  7559 | D:9      | Killed a black mamba
  7869 | D:9      | Got an ichor-stained great sword
  7895 | D:9      | Identified the +4 great sword of Viesch {freeze, Stlth+} (You found it on level 9 of the Dungeon)
  8496 | D:10     | Entered Level 10 of the Dungeon
  8698 | D:10     | Received a gift from Trog
  8848 | D:10     | Noticed Joseph
  8861 | D:10     | Killed Joseph
  8861 | D:10     | Reached skill level 5 in Dodging
  9247 | D:10     | Found a staircase to the Lair.
  9511 | Lair:1   | Entered Level 1 of the Lair of Beasts
  9623 | Lair:1   | Got a scintillating iron ring
  9624 | Lair:1   | Identified the ring of Xydduase {+Inv MP+9 Str+2 Dex-4 Slay+2} (You found it on level 1 of the Lair of Beasts)
  9634 | Lair:1   | Gained mutation: You have a pair of small antennae on your head. [demonic ancestry]
  9634 | Lair:1   | Reached XP level 11. HP: 73/84 MP: 10/11
 10007 | Lair:1   | Gained mutation: You have supernaturally acute eyesight. [potion of beneficial mutation]
 10115 | Lair:1   | Noticed Sonja
 10123 | Lair:1   | Killed Sonja
 12018 | Lair:2   | Reached skill level 10 in Dodging
 12684 | Lair:2   | Received a gift from Trog
 12838 | Lair:3   | Got a polished ring mail
 12849 | Lair:3   | Identified the +4 ring mail of Hedging {rPois Int+3} (You found it on level 3 of the Lair of Beasts)
 13269 | Lair:3   | You fall through a shaft for 2 floors!
 13512 | Lair:5   | Identified a scroll of acquirement
 13563 | Lair:5   | Reached XP level 12. HP: 59/94 MP: 8/12
 13643 | Lair:4   | Found a basalt altar of Yredelemnul.
 14387 | Lair:3   | Noticed a seven-headed hydra
 14397 | Lair:3   | Killed a seven-headed hydra
 15094 | Lair:5   | Noticed a catoblepas
 15099 | Lair:5   | Killed a catoblepas
 15308 | Lair:5   | Noticed Maud
 15318 | Lair:5   | Killed Maud
 15318 | Lair:5   | Reached skill level 13 in Unarmed Combat
 15772 | Lair:5   | Noticed an ice dragon
 15788 | Lair:5   | Killed an ice dragon
 16021 | Lair:6   | Noticed Kirke
 16039 | Lair:6   | Killed Kirke
 16119 | Lair:6   | Reached skill level 14 in Unarmed Combat
 16282 | Lair:6   | Found a staircase to the Snake Pit.
 16306 | Lair:6   | Noticed a four-headed hydra
 16322 | Lair:6   | Killed a four-headed hydra
 16554 | Lair:6   | Found a staircase to the Shoals.
 16823 | Lair:7   | Noticed a six-headed hydra
 16832 | Lair:7   | Killed a six-headed hydra
 16872 | Lair:7   | Gained mutation: You have a pair of antennae on your head. [demonic ancestry]
 16872 | Lair:7   | Reached XP level 13. HP: 90/100 MP: 11/13
 17052 | Lair:7   | Reached skill level 15 in Unarmed Combat
 17497 | Lair:7   | Received a gift from Trog
 17523 | Lair:7   | Got a dazzling glaive {god gift}
 17524 | Lair:7   | Identified the +14 glaive "Arbiter" {venom, rF++ Int+2} (Trog gifted it to you on level 7 of the Lair of Beasts)
 17551 | Lair:7   | Reached skill level 1 in Polearms
 17565 | Lair:7   | Found a staircase to the Slime Pits.
 18172 | Lair:8   | Entered Level 8 of the Lair of Beasts
 18334 | Lair:8   | Reached skill level 5 in Polearms
 18851 | Lair:8   | Upgraded the game from 0.17-a0-1753-g75d4604 to 0.17-a0-1760-ga6756ae
 19023 | Lair:8   | Received a gift from Trog
 20220 | D:11     | Found Sismea's General Store.
 20223 | D:11     | Bought a scroll of teleportation for 42 gold pieces
 20226 | D:11     | Noticed Josephine
 20232 | D:11     | Killed Josephine
 20579 | D:12     | Reached XP level 14. HP: 106/106 MP: 14/14
 20585 | D:12     | Found Waetegi's Demolitions Depot.
 20837 | D:12     | Noticed Nessos
 20841 | D:12     | Killed Nessos
 20904 | D:12     | Found a staircase to the Orcish Mines.
 21260 | Orc:1    | Entered Level 1 of the Orcish Mines
 21282 | Orc:1    | Received a gift from Trog
 21319 | Orc:1    | Reached skill level 10 in Polearms
 21353 | Orc:1    | Found Vyral's Quality Used Wands.
 21476 | Orc:1    | Found Anaf's Gadget Shop.
 21483 | Orc:1    | Paralysed by an orc sorcerer for 7 turns
 21509 | Orc:1    | Noticed Erica
 21516 | Orc:1    | Killed Erica
 21869 | Orc:2    | Found Baak's Antique Armour Shop.
 22163 | Orc:3    | Received a gift from Trog
 22211 | Orc:3    | Noticed Donald
 22222 | Orc:3    | Killed Donald
 22517 | Orc:3    | Found a staircase to the Elven Halls.
 22536 | Orc:3    | Found a roughly hewn altar of Beogh.
 22959 | Orc:4    | Entered Level 4 of the Orcish Mines
 23205 | Orc:4    | Found Adier's General Store.
 23235 | Orc:4    | Received a gift from Trog
 23314 | Orc:4    | Found Howoraets's Antique Weapon Boutique.
 23318 | Orc:4    | Noticed an orc warlord
 23331 | Orc:4    | Killed an orc warlord
 23357 | Orc:4    | Found Patiaroh's Antique Armour Emporium.
 23539 | Orc:4    | Found Wumelul's General Store.
 23568 | Orc:4    | Bought a potion of curing for 39 gold pieces
 23579 | Orc:4    | Found Ower's Book Shoppe.
 24269 | Orc:4    | Found a runed door.
 24467 | Orc:4    | Found a roughly hewn altar of Beogh.
 25032 | D:13     | Found a portal to a secret trove of treasure.
 25168 | D:13     | Found a blossoming altar of Fedhas.
 25261 | D:13     | Received a gift from Trog
 25785 | D:14     | Gained mutation: A powerful demonic guardian rushes to your aid. [demonic ancestry]
 25785 | D:14     | Reached XP level 15. HP: 40/112 MP: 5/15
 26348 | D:14     | Found a gate to the Vaults.
 26427 | D:14     | Noticed Roxanne
 26580 | D:14     | Killed Roxanne
 26582 | D:14     | Identified Roxanne's Handbook of Transmutation and Earth (You took it off Roxanne on level 14 of the Dungeon)
 26625 | D:14     | Gained mutation: Your muscles are strong. (Str +2) [potion of beneficial mutation]
 27138 | D:15     | Entered Level 15 of the Dungeon
 27208 | D:15     | Found an ancient bone altar of Kikubaaqudgha.
 27643 | D:15     | Found Hisoer's Antique Armour Emporium.
 27656 | D:15     | Received a gift from Trog
 27933 | D:15     | Found a staircase to the Depths.
 27946 | D:15     | Slain by a wolf spider simulacrum

Vault maps used:
D:1:      minmay_arrival_jagged
D:2:      lemuel_coloured_pillars_altar, first_bread,
          corexii_hall_statues_deadend, uniq_jessica
D:3:      nicolae_overflow_hidden_temple, uniq_sigmund
D:4:      lemuel_crystal_altar, sigmund_army, uniq_duvessa, uniq_robin,
          uniq_blork_the_orc, uniq_edmund
D:5:      nicolae_ru_sacrificial_ziggurat, serial_shops, kennysheep_mini_moat,
          shop, shop, shop, shop, roderic_lattice_a, uniq_prince_ribbit1,
          uniq_menkaure
D:6:      minmay_temple_entry_crystal_x, enter_ossuary_4
D:7:      lemuel_round_altar
D:8:      black_bear_nest_1, lemuel_doored_altar, nemelex_deck, serial_shops,
          nicolae_shop_scaring_up_business, uniq_grum
D:10:     erik_lair_island, hangedman_little_slice_of_home, uniq_joseph
D:11:     serial_shops, nicolae_shop_behind_doors, uniq_josephine
D:12:     david_orc_1_choice, serial_bayou_pond_a, nicolae_blasting_shop,
          uniq_nessos
D:13:     nicolae_trove_entry_columns, fedhas_altar_decomposition
D:14:     hangedman_vaults_entry_quadrant_bands, minmay_misc_feat_roman,
          uniq_roxanne
D:15:     grunt_enter_depths_magical_seal, serial_shops,
          nicolae_shop_statue_plus, basic_altar, minmay_misc_feat_cross
Lair:1:   uniq_sonja
Lair:2:   serial_bayou_shore_a
Lair:3:   beast_lair_carwin_large_1, grunt_megastairs_4
Lair:4:   basic_altar, serial_bayou_ford_a
Lair:5:   nicolae_lair_grove_arrangements, bobbens_ice_dragon_lair,
          lemuel_fruit_fields, uniq_maud
Lair:6:   minmay_shoals_entry_lonely_mermaid, guppyfry_snake_entry_garden,
          st_stairs_10, uniq_kirke
Lair:7:   nicolae_slime_entry_slimehenge
Lair:8:   guppyfry_lair_end_dragon, lemuel_another_geyser, grunt_megastairs_2,
          lemuel_fruit_tree
Orc:1:    serial_shops, nicolae_shop_crystal, nicolae_for_you_no_charge,
          uniq_erica
Orc:2:    serial_shops, shop
Orc:3:    basic_altar, nicolae_orc_pool_cavern, mines2_lemuel, uniq_donald
Orc:4:    grunt_orc_gardens, grunt_orc_garden, grunt_orc_garden,
          grunt_orc_garden, grunt_orc_garden, serial_shops, shop,
          lightli_church_of_beogh
Ossuary:  ossuary_tomb_2

Action                   |  1- 3 |  4- 6 |  7- 9 | 10-12 | 13-15 || total
-------------------------+-------+-------+-------+-------+-------++-------
Melee: Unarmed           |   149 |   151 |   556 |   789 |    82 ||  1727
       Glaive            |       |       |       |       |  1117 ||  1117
Invok: Berserk           |     1 |     7 |     5 |     7 |     2 ||    22
       Trog's Hand       |       |     2 |     1 |     1 |     2 ||     6
       Burn Spellbooks   |       |       |       |     1 |       ||     1
       Brothers in Arms  |       |       |       |       |     2 ||     2
 Abil: Evoke Flight      |       |       |       |     1 |     1 ||     2
Evoke: Deck              |       |       |       |     2 |       ||     2
       Wand              |       |       |       |       |     1 ||     1
  Use: Scroll            |     6 |     3 |     7 |    15 |     5 ||    36
       Potion            |       |       |       |     2 |     7 ||     9
 Stab: Sleeping          |       |       |     1 |     1 |     2 ||     4
       Distracted        |       |       |     1 |     3 |    10 ||    14
  Eat: Chunk             |     3 |    11 |    18 |    33 |    25 ||    90
       Pizza             |       |       |     2 |       |       ||     2
       Meat ration       |       |       |       |     1 |     1 ||     2
       Bread ration      |       |       |       |     1 |       ||     1
       Beef jerky        |       |       |       |       |     2 ||     2
       Fruit             |       |       |       |       |     8 ||     8
